 Dungeon Crawl Stone Soup version 0.20.2-3-g29329e0561 (webtiles) character file.

2070 Alfie the Archer (level 9, -1/78 HPs)
             Began as a Minotaur Hunter on Aug 25, 2020.
             Slain by an orc warrior
             ... wielding a +0 halberd
              (22 damage)
             ... on level 7 of the Dungeon.
             The game lasted 00:17:21 (4937 turns).

Alfie the Archer (Minotaur Hunter)                  Turns: 4937, Time: 00:17:22

Health: -1/78      AC:  8    Str: 20    XL:     9   Next: 5%
Magic:  8/8        EV: 13    Int:  8    God:
Gold:   223        SH:  0    Dex: 11    Spells: 8/8 levels left

rFire    . . .     SeeInvis .   a - +1 shortbow (velocity)
rCold    . . .     Gourm    .   (shield currently unavailable)
rNeg     + . .     Faith    .   k - +1 leather armour
rPois    .         Spirit   .   (helmet restricted)
rElec    .         Reflect  .   p - +0 cloak
rCorr    .         Harm     .   o - +0 pair of gloves
MR       .....                  i - +1 pair of boots
Stlth    +.........             (no amulet)
Regen    0.3/turn               z - ring of positive energy
MPRegen  0.2/turn               (no ring)

@: no status effects
A: retaliatory headbutt, horns 2
a: no special abilities


You were on level 7 of the Dungeon.
You were not hungry.

You visited 1 branch of the dungeon, and saw 7 of its levels.

You collected 223 gold pieces.

Inventory:

Hand Weapons
 a - a +1 shortbow of velocity (weapon)
 b - a +1 short sword
Missiles
 d - 33 arrows (quivered)
Armour
 i - a +1 pair of boots (worn)
 k - a +1 leather armour (worn)
 o - a +0 pair of gloves (worn)
 p - a +0 cloak (worn)
Jewellery
 z - a ring of positive energy (left hand)
 B - an uncursed amulet of magic regeneration
Wands
 m - a wand of random effects (24/48)
 q - a wand of flame (34/48)
 t - a wand of polymorph (16/24)
 w - a wand of acid (10/15)
 A - a wand of random effects (27/48)
 D - a wand of flame (34/48)
 E - a wand of acid (9/15)
Scrolls
 e - a scroll of recharging
 l - 4 scrolls of identify
 s - 2 scrolls of teleportation
 v - 2 scrolls of blinking
 y - a scroll of magic mapping
 C - a scroll of remove curse
Potions
 g - a potion of might
 h - a potion of degeneration {unknown}
 j - 3 potions of flight
 n - a potion of brilliance {unknown}
 r - a potion of heal wounds {unknown}
 u - a potion of lignification {unknown}
Books
 x - a book of Minor Magic

   Spells                             Type                      Level
   a - Magic Dart                     Conjuration                  1
   b - Blink                          Translocation                2
   c - Call Imp                       Summoning                    2
   d - Slow                           Hexes                        2
   e - Conjure Flame                  Conjuration/Fire             3
   f - Mephitic Cloud                 Conjuration/Poison/Air       3
Comestibles
 c - a meat ration
 f - 5 bread rations


   Skills:
 + Level 6.4 Fighting
 + Level 2.1 Short Blades
 + Level 11.0 Bows
 + Level 3.4 Armour
 + Level 4.1 Dodging
 + Level 1.6 Stealth


You had 8 spell levels left.
You didn't know any spells.

Dungeon Overview and Level Annotations

Branches:
Dungeon (7/15)
 Temple: D:4-7

Altars:
Cheibriados
Elyvilon
Gozag
Hepliaklqana
Vehumet

Shops:
D:4 :


Innate Abilities, Weirdness & Mutations

You reflexively headbutt those who attack you in melee.
You have a pair of horns on your head.


Message History

Press: ? - help, Shift-Dir - straight line, f/p - orc warrior
Aim: an orc warrior, wielding a halberd and wearing a plate armour (almost dead)
You shoot an arrow.
The arrow hits the orc warrior but does no damage.
The orc warrior is almost dead.
The orc priest looks braver for a moment.
Firing (i - inventory):
d - 35 arrows (quivered)
Press: ? - help, Shift-Dir - straight line, f/p - orc warrior
Aim: an orc warrior, wielding a halberd and wearing a plate armour (almost dead)
You shoot an arrow.
The arrow closely misses the orc warrior.
The orc warrior hits you from afar with a halberd!
* * * LOW HITPOINT WARNING * * *
Firing (i - inventory):
d - 34 arrows (quivered)
Press: ? - help, Shift-Dir - straight line, f/p - orc warrior
Aim: an orc warrior, wielding a halberd and wearing a plate armour (almost dead)
You shoot an arrow. The arrow hits the orc.
The orc is moderately wounded.
The orc warrior hits you from afar with a halberd!!
You die...

..........#####
.##.##.#.## .##.##.#.#
.##.##.#># #.
..<.##.#.# . .........#
#### .# # .....#.###
#...##.#o
.###.#.############..#
...o ##
#.#..........@oo(###$o#
#.#############.).#...#
#.# #.#o.<# #.# #.##.##
.># #.##.# #### #.##.#
#.##. ..... ##


You could see an orc warrior, an orc priest and an orc.

Vanquished Creatures
  Pikel (D:5)
  An orc warrior (D:6)
  2 sky beasts
  The ghost of Alfie the Shooter, an amateur MiHu (D:3)
  2 ogres
  A centaur (D:5)
  A big kobold (D:6)
  A bullfrog (D:6)
  A scorpion (D:6)
  A quasit (D:7)
  A centaur zombie (D:6)
  A bullfrog skeleton (D:6)
  A hound (D:5)
  A jelly (D:6)
  5 orc wizards
  A centaur skeleton (D:5)
  An iguana (D:6)
  Natasha (thrice) (D:2)
  Terence (D:3)
  4 worker ants
  Robin (D:2)
  8 gnolls
  6 adders
  A shadow imp (D:6)
  2 worms
  2 dart slugs (D:1)
  7 leopard geckos
  13 orcs
  5 giant cockroaches
  15 goblins
  12 hobgoblins
  11 jackals
  3 quokkas
  7 bats
  A frilled lizard (D:2)
  8 kobolds
  A quokka zombie (D:5)
  9 rats
143 creatures vanquished.

Vanquished Creatures (others)
  A giant cockroach (D:5)
1 creature vanquished.

Grand Total: 144 creatures vanquished

Notes
Turn   | Place    | Note
-------+----------+-------------------------------------------
     0 | D:1      | Alfie the Minotaur Hunter began the quest for the Orb.
     0 | D:1      | Reached XP level 1. HP: 18/18 MP: 0/0
   277 | D:1      | Reached XP level 2. HP: 25/25 MP: 1/1
   363 | D:1      | Reached skill level 5 in Bows
   711 | D:2      | Reached XP level 3. HP: 30/30 MP: 2/2
   784 | D:2      | Reached XP level 4. HP: 35/37 MP: 3/3
   840 | D:2      | Reached skill level 6 in Bows
   879 | D:2      | Noticed Robin
   886 | D:2      | Killed Robin
   968 | D:2      | Reached skill level 1 in Armour
  1088 | D:2      | Reached XP level 5. HP: 45/45 MP: 4/4
  1171 | D:2      | Noticed Natasha
  1178 | D:2      | Killed Natasha
  1240 | D:2      | Noticed Natasha
  1251 | D:2      | Killed Natasha
  1311 | D:2      | Noticed Natasha
  1324 | D:2      | Killed Natasha
  1442 | D:3      | Noticed Alfie's ghost (amateur MiHu)
  1460 | D:3      | Killed Alfie's ghost
  1460 | D:3      | Reached skill level 1 in Short Blades
  1460 | D:3      | Reached XP level 6. HP: 29/52 MP: 5/5
  1563 | D:3      | Noticed Terence
  1583 | D:3      | Killed Terence
  2160 | D:4      | Reached skill level 1 in Stealth
  2166 | D:4      | Reached skill level 7 in Bows
  2549 | D:4      | You fall through a shaft for 3 floors!
  2645 | D:6      | Noticed an orc warrior
  2700 | D:6      | Killed an orc warrior
  2700 | D:6      | Reached XP level 7. HP: 46/60 MP: 6/6
  2797 | D:6      | Reached skill level 8 in Bows
  2952 | D:5      | Entered Level 5 of the Dungeon
  3116 | D:4      | Found Inuoh's Book Boutique.
  3649 | D:5      | Reached skill level 9 in Bows
  3649 | D:5      | Reached XP level 8. HP: 67/67 MP: 7/7
  3855 | D:5      | Noticed Pikel
  3866 | D:5      | Killed Pikel
  3866 | D:5      | Reached skill level 5 in Fighting
  3866 | D:5      | Reached skill level 10 in Bows
  4068 | D:5      | Found a faded altar of an unknown god.
  4068 | D:5      | Found a snail-covered altar of Cheibriados.
  4073 | D:5      | Found an opulent altar of Gozag.
  4075 | D:5      | Found a hazy altar of Hepliaklqana.
  4081 | D:5      | Found a white marble altar of Elyvilon.
  4497 | D:6      | Found a radiant altar of Vehumet.
  4857 | D:6      | Reached XP level 9. HP: 59/78 MP: 8/8
  4860 | D:6      | Reached skill level 11 in Bows
  4937 | D:7      | Slain by an orc warrior

Skill      XL: |  1  2  3  4  5  6  7  8  9 |
---------------+----------------------------+-----
Bows           | 5 6 7 9 10 11 | 11.0
Fighting       | 3 4 6 |  6.4
Armour         | 1 2 3 |  3.4
Short Blades   | 1 2 |  2.1
Stealth        | 1 |  1.6
Dodging        | 3 4 |  4.1

Action                   |  1- 3 |  4- 6 |  7- 9 || total
-------------------------+-------+-------+-------++-------
Melee: Short sword       |    15 |    66 |       ||    81
       Headbutt          |     3 |    12 |       ||    15
 Fire: Shortbow          |    63 |   121 |   187 ||   371
  Use: Scroll            |     3 |     3 |     8 ||    14
       Potion            |       |       |     2 ||     2
 Stab: Sleeping          |     1 |       |       ||     1
  Eat: Bread ration      |       |     2 |     1 ||     3
       Royal jelly       |       |       |     1 ||     1
Armor: Leather armour    |    13 |    41 |    23 ||    77
Dodge: Dodged            |    22 |    92 |    51 ||   165
